 Dungeon Crawl Stone Soup version 0.28-a0-1638-g9123634e07 (webtiles) character file.

Game seed: 11104649662552177327

25 HallandMoats the Skirmisher (level 3, -1/31 HPs)
             Began as a Ghoul Fighter on Jan 25, 2022.
             Killed from afar by Sigmund (10 damage)
             ... with a puff of flame
             ... on level 2 of the Dungeon.
             The game lasted 00:01:15 (812 turns).

HallandMoats the Skirmisher (Ghoul Fighter)          Turns: 812, Time: 00:01:15

Health: -1/31      AC: 10    Str: 19    XL:     3   Next: 4%
Magic:  3/3        EV:  9    Int:  5    God:
Gold:   45         SH:  0    Dex:  8    Spells: 2/2 levels left

rFire   . . .      SeeInvis .   a - +0 spear
rCold   + . .      Faith    .   c - +0 buckler
rNeg    + + +      Spirit   .   b - +0 scale mail
rPois   ∞          Reflect  .   (no helmet)
rElec   .          Harm     .   (no cloak)
rCorr   .          Rampage  .   (no gloves)
Will    .....                   (no boots)
Stlth   ..........              (no amulet)
HPRegen 0.00/turn               i - +4 ring of protection
MPRegen 0.08/turn               (no ring)

@: confused, mighty, inhibited regen
A: claws 1, cold resistance 1, negative energy resistance 3, inhibited
regeneration, torment resistance 2
a: no special abilities


You were on level 2 of the Dungeon.
You visited 1 branch of the dungeon, and saw 2 of its levels.

You collected 45 gold pieces.

Inventory:

Hand Weapons
 a - a +0 spear (weapon)
Armour
 b - a +0 scale mail (worn)
 c - a +0 buckler (worn)
Jewellery
 i - a +4 ring of protection (left claw)
Scrolls
 e - a scroll of teleportation {unknown}
 f - a scroll of amnesia {unknown}
 h - a scroll of identify {unknown}
 l - a scroll of torment {unknown}
 m - a scroll of fog {unknown}
Potions
 g - a potion of resistance {unknown}
 j - a potion of degeneration {unknown}
 k - a potion of invisibility {unknown}


   Skills:
 + Level 3.4 Fighting
 * Level 2.2 Polearms
 + Level 2.8 Armour
 + Level 0.3 Dodging
 + Level 2.8 Shields
 * Level 1.4 Invocations


You had 2 spell levels left.
You didn't know any spells.
Your spell library contained the following spells:

 Spells                   Type           Power      Damage    Failure   Level
 Dazzling Flash           Conj/Hex       0%         N/A       99%         3
 Agony                    Necr           0%         N/A       100%        5
 Silence                  Hex/Air        0%         N/A       100%        5


Dungeon Overview and Level Annotations

Branches:
Dungeon (2/15)

Altars:

Annotations:
D:2 Sigmund


Innate Abilities, Weirdness & Mutations

You thrive by killing the living.
You are immune to poison.
You have sharp fingernails.
Your flesh is cold resistant. (rC+)
You are immune to negative energy. (rN+++)
You do not regenerate when monsters are visible.
You are immune to unholy pain and torment.


Message History

No target in view!
No target in view!
No target in view!
No target in view!
No target in view!
No target in view!
No target in view!
No target in view!
No target in view!
No target in view!
HP restored.
Things that are here:
a +0 hunting sling; a +0 dagger; 20 stones You see here 26 stones.
Found a scale mail.
Sigmund the Dreaded comes into view.
He is wielding a +2 scythe of freezing and carrying a wand of flame (17).
Sigmund casts a spell.
Sigmund flickers and vanishes!
Deactivating autopickup; reactivate with Ctrl-A.
There is a strange disturbance nearby!
There is a strange disturbance nearby!
You feel very mighty all of a sudden. Something hits you but does no damage.
You closely miss something. You closely miss something. Something hits you!
You miss something. You block something's attack.
You hit something. Something hits you but does no damage.
You puncture something! You hit something. Something hits you!
You hit something.
You hear some strange, mumbled words.
You are confused.
You bump into the rock wall.
Something hits you but does no damage. Something hits you.
Something freezes you.
* * * LOW HITPOINT WARNING * * *
You bump into the rock wall.
You hear some strange, mumbled words.
A puff of flame appears from out of thin air!
The puff of flame hits you!
You die...

#.#........#
#.########## #.#
### #.#
....###.#
#......#
..#..###.#######
#.....{.........
..#..##@..######
... #...$.# #
##...## ...##
###.# #.# #+#


There were no monsters in sight!

Vanquished Creatures
  3 ball pythons (D:1)
  A bat (D:1)
  2 endoplasms (D:1)
  3 giant cockroaches
  2 goblins
  A hobgoblin (D:1)
  3 jackals (D:1)
  3 kobolds
  4 rats
22 creatures vanquished.

Notes
Turn   | Place    | Note
-------+----------+-------------------------------------------
     0 | D:1      | HallandMoats the Ghoul Fighter began the quest for the Orb.
     0 | D:1      | Reached XP level 1. HP: 19/19 MP: 0/0
   226 | D:1      | Reached XP level 2. HP: 26/26 MP: 1/1
   370 | D:1      | Reached skill level 1 in Invocations
   593 | D:2      | Reached XP level 3. HP: 31/31 MP: 2/2
   799 | D:2      | Noticed Sigmund
   812 | D:2      | Killed from afar by Sigmund

Illustrated notes

Levels and vault maps discovered:
D:1:      heliophobic_arrival_battle_scene, layout_basic
D:2:      layout_loops_corners, grunt_ministairs_4, minmay_tetromino_l4,
          uniq_sigmund

Skill      XL: |  1  2 |
---------------+-------+-----
Polearms       | 2 |  2.2
Invocations    | 1 |  1.4
Fighting       | |  3.4
Armour         | |  2.8
Dodging        | |  0.3
Shields        | |  2.8

Action                   || total
-------------------------++-------
Melee: Trident           ||    19
       Spear             ||    46
  Use: Potion            ||     1
Armor: Scale mail        ||    31
Dodge: Dodged            ||    15
Block: Buckler           ||    12

Table legend: (Time is in decaauts)
 A = Elapsed time spent in this place.
 B = Non-inter-level travel time spent in this place.
 C = Inter-level travel time spent in this place.
 D = Time resting spent in this place.
 E = Time spent auto-exploring this place.
 F = Levels seen in this place.
 G = Mean time per level.
                   A        B        C        D        E       F      G
               +--------+--------+--------+--------+--------+-----+--------+
         Total |    817 |    811 |      6 |      0 |    646 |   2 |  408.5 |
       Dungeon |    817 |    811 |      6 |      0 |    646 |   2 |  408.5 |
               +--------+--------+--------+--------+--------+-----+--------+

Top non-repeatable levels by time:
     D:1: 581 daAuts
     D:2: 236 daAuts
